 Dungeon Crawl Stone Soup version 0.27.0-1-g7a089689b8 (webtiles) character file.

Game seed: 16650294623412945235

11 horus123 the Sneak (level 2, 0/19 HPs)
             Began as an Octopode Brigand on Aug 8, 2021.
             Slain by a bat (1 damage)
             ... on level 1 of the Dungeon.
             The game lasted 00:01:07 (538 turns).

horus123 the Sneak (Octopode Brigand)                Turns: 538, Time: 00:01:08

Health: 0/19       AC:  1    Str: 10    XL:     2   Next: 25%
Magic:  2/2        EV: 12    Int: 13    God:
Gold:   19         SH:  0    Dex: 13    Spells: 1/1 levels left

rFire    . . .     SeeInvis .   a - +2 dagger
rCold    . . .     Faith    .   (no shield)
rNeg     . . .     Spirit   .   (helmet restricted)
rPois    .         Reflect  .   (no amulet)
rElec    .         Harm     .   (no ring)
rCorr    .         Rampage  .   (no ring)
Will     .....                  (no ring)
Stlth    ++++......             (no ring)
HPRegen  0.06/turn              (no ring)
MPRegen  0.08/turn              (no ring)
                                (no ring)
                                (no ring)

@: no status effects
A: almost no armour, amphibious, 8 rings, camouflage 1, gelatinous body 1,
(nimble swimmer 1), tentacles
a: no special abilities


You were on level 1 of the Dungeon.
You visited 1 branch of the dungeon, and saw 1 of its levels.

You collected 19 gold pieces.

Inventory:

Hand Weapons
 a - a +2 dagger (weapon)
Missiles
 b - 8 poisoned darts (quivered)
 c - 2 curare-tipped darts


   Skills:
 + Level 2.0 Fighting
 + Level 2.0 Short Blades
 + Level 2.0 Throwing
 + Level 1.0 Dodging
 * Level 6.1 Stealth


You had one spell level left.
You didn't know any spells.
Your spell library contained the following spells:

 Spells                   Type           Power      Damage    Failure   Level
 Summon Small Mammal      Summ           0%         N/A       30%         1
 Call Canine Familiar     Summ           0%         N/A       67%         3
 Summon Guardian Golem    Hex/Summ       0%         N/A       67%         3


Dungeon Overview and Level Annotations

Branches:
Dungeon (1/15)

Altars:


Innate Abilities, Weirdness & Mutations

You cannot wear most types of armour.
You are amphibious.
You can wear up to eight rings at the same time.
Your skin changes colour to match your surroundings (Stealth+).
Your rubbery body absorbs attacks. (AC +1, EV +1)
((You are camouflaged near water. (Stealth+)))
You have tentacles for arms and can constrict up to eight enemies at once.


Message History

The frilled lizard misses you.
You hit the jackal.
You kill the jackal!
The bat hits you. The jackal barely misses you. The frilled lizard misses you.
You hit the jackal. You grab the jackal.
The jackal is severely wounded.
You constrict the jackal, but do no damage.
The jackal bites you but does no damage.
The bat hits you but does no damage. The jackal misses you.
You hit the jackal.
You kill the jackal!
The bat misses you. The frilled lizard bites you.
You barely miss the jackal. Your grab misses the jackal.
The frilled lizard misses you. The jackal bites you. x2
The bat barely misses you.
You are too injured to fight recklessly!
You are too injured to fight recklessly!
You closely miss the frilled lizard. Your grab misses the frilled lizard.
The bat closely misses you. The jackal misses you. The bat hits you.
The jackal bites you. The frilled lizard closely misses you.
You hit the frilled lizard. You grab the frilled lizard.
Your squeeze misses the frilled lizard.
The frilled lizard is severely wounded.
You constrict the frilled lizard.
You kill the frilled lizard!
The bat hits you but does no damage. The jackal bites you.
* * * LOW HITPOINT WARNING * * *
The jackal barely misses you. The jackal closely misses you.
The jackal bites you.
* * * LOW HITPOINT WARNING * * *
The bat closely misses you. The bat hits you.
* * * LOW HITPOINT WARNING * * *
Unknown command.
You miss the bat. Your grab misses the bat. The bat hits you.
* * * LOW HITPOINT WARNING * * *
The bat hits you but does no damage.
The jackal bites you but does no damage.
The bat misses you. The jackal barely misses you. The bat hits you.
You die...

..........#†###.###
###...##..#.###.###
#...##..#.......#####
#.......#............
#.......#....†.......
#..(....#.###.##....
#..###..#....hh# ...
###..# #..#....b.#
.....# #..#.....@#
.....###..#......#
..........#.###.##
##........#. #.#
#........# ...
#..####..# ... #..#
#..# ... ##..# #..#
###. ....# #[.#


You could see 2 jackals and a bat.

Vanquished Creatures
  2 ball pythons (D:1)
  3 endoplasms (D:1)
  2 jackals (D:1)
  A bat (D:1)
  A frilled lizard (D:1)
  A kobold (D:1)
10 creatures vanquished.

Notes
Turn   | Place    | Note
-------+----------+-------------------------------------------
     0 | D:1      | horus123 the Octopode Brigand began the quest for the Orb.
     0 | D:1      | Reached XP level 1. HP: 14/14 MP: 1/1
   441 | D:1      | Reached XP level 2. HP: 15/19 MP: 2/2
   521 | D:1      | Reached skill level 6 in Stealth
   538 | D:1      | Slain by a bat

Illustrated notes

Levels and vault maps discovered:
D:1:      dpeg_arrival_boxorama, layout_basic,
          dreamdust_ecumenical_altar_angels_and_demons, serial_glass,
          glass_columns_b, glass_columns_b, glass_columns_a, glass_columns_a,
          glass_columns_c, glass_columns_a

Skill      XL: |  1  2 |
---------------+-------+-----
Stealth        | 6 |  6.1
Fighting       | |  2.0
Short Blades   | |  2.0
Throwing       | |  2.0
Dodging        | |  1.0

Action                   || total
-------------------------++-------
Melee: Dagger            ||    25
       Tentacles         ||     3
       Constrict         ||     5
  Use: Scroll            ||     1
 Stab: Sleeping          ||     1
Armor: Skin              ||     5
Dodge: Dodged            ||    28
